 Dungeon Crawl Stone Soup version 0.22-a0-605-g9281fa2 (webtiles) character file.

101 suicidejoker the Insei (level 4, -1/31 HPs)
             Began as an Octopode Monk on July 8, 2018.
             Killed by divine providence
             ... invoked by an orc priest
              (12 damage)
             ... on level 2 of the Dungeon.
             The game lasted 00:03:22 (1335 turns).

suicidejoker the Insei (Octopode Monk)              Turns: 1335, Time: 00:03:22

Health: -1/31      AC:  1    Str: 11    XL:     4   Next: 75%
Magic:  4/4        EV: 14    Int: 12    God:
Gold:   67         SH:  0    Dex: 14    Spells: 3/3 levels left

rFire    . . .     SeeInvis .     - Unarmed
rCold    . . .     Gourm    .   (no shield)
rNeg     . . .     Faith    .   (helmet restricted)
rPois    .         Spirit   .   (no amulet)
rElec    .         Reflect  .   (no ring)
rCorr    .         Harm     .   (no ring)
MR       .....                  (no ring)
Stlth    +++.......             (no ring)
HPRegen  0.10/turn              (no ring)
MPRegen  0.09/turn              (no ring)
                                (no ring)
                                (no ring)

@: drained
A: almost no armour, stealthy swim, amphibious, 8 rings, constrict 8, camouflage
1, gelatinous body 1
a: no special abilities


You were on level 2 of the Dungeon.
You were not hungry.

You visited 1 branch of the dungeon, and saw 2 of its levels.

You collected 67 gold pieces.

Inventory:

Hand Weapons
 c - a +1 dagger of draining
Missiles
 d - 4 poisoned needles
Scrolls
 b - 3 scrolls of identify
 n - a scroll of amnesia
Comestibles
 a - 3 rations


   Skills:
 + Level 3.5(3.4) Fighting
 + Level 3.4(3.3) Dodging
 + Level 3.8(3.7) Stealth
 + Level 4.1 Unarmed Combat


You had 3 spell levels left.
You didn't know any spells.
Your spell library contained the following spells:

 Spells                   Type           Power        Failure   Level  Hunger
 Magic Dart               Conj           #...         32%         1    ##.....
 Conjure Flame            Conj/Fire      #.......     69%         3    ####...
 Slow                     Hex            #.......     45%         2    ###....
 Mephitic Cloud           Conj/Pois/Air  #.......     69%         3    ####...
 Blink                    Tloc           N/A          45%         2    ###....
 Call Imp                 Summ           #.......     45%         2    ###....


Dungeon Overview and Level Annotations

Branches:
Dungeon (2/15)

Altars:


Innate Abilities, Weirdness & Mutations

You cannot wear most types of armour.
You are very stealthy in the water. (Stealth+)
You are amphibious.
You can wear up to eight rings at the same time.
You can use your tentacles to constrict eight enemies at once.
Your skin changes colour to match your surroundings (Stealth+).
Your rubbery body absorbs attacks. (AC +1, EV +1)


Message History

Okay, then.
You aren't carrying any potions.
An orc priest is nearby!
An orc priest is nearby!
An orc priest is nearby!
An orc priest opens the door.
You start resting.
You feel less wooden.
Items here: )) [[ ††
c - a dagger of draining You start resting.
You feel a little less mighty now.
You start resting.
The orc priest is too close now for your liking.
You start resting.
The orc priest is too close now for your liking.
The orc priest hits you from afar with a trident.
The orc priest invokes the aid of Beogh against you.
Beogh smites you!
You die...

.#.#.#.#.#.#.#.#..#
..................#
#.#.#.#.#.#.#.#.#.#
................†.#
.#.#.#.#.#.#.#.#..# ######
.................+....>....
#.#.#.#.#.#.#.#..#####..##
.......†.......o.........#
.#.#.#.#.#.#.#..@........##
................#.........#
#.#.#.#.#.#.#.###...÷...#.#
.............## #...÷...#.#
.#[#.#.#.#.#.# #.......#.#
.)..........## #.........##
'######.##### #..........#
........# ####.......##
..)..#### #....#...#


You could see an orc priest.

Vanquished Creatures
  An orc wizard (D:2)
  An adder (D:2)
  3 oozes
  A worm (D:2)
  2 dart slugs (D:1)
  3 orcs (D:2)
  3 bats (D:1)
  2 giant cockroaches (D:1)
  7 goblins
  3 hobgoblins
  A quokka (D:2)
  8 frilled lizards
  3 kobolds (D:1)
  6 rats
44 creatures vanquished.

Notes
Turn   | Place    | Note
-------+----------+-------------------------------------------
     0 | D:1      | suicidejoker the Octopode Monk began the quest for the Orb.
     0 | D:1      | Reached XP level 1. HP: 16/16 MP: 1/1
   265 | D:1      | Reached XP level 2. HP: 19/21 MP: 2/2
   550 | D:1      | Reached XP level 3. HP: 19/26 MP: 3/3
  1113 | D:2      | Reached XP level 4. HP: 26/31 MP: 4/4
  1265 | D:2      | HP: 1/31 [orc priest/trident (7)]
  1271 | D:2      | Reached skill level 4 in Unarmed Combat
  1335 | D:2      | Killed from afar by an orc priest

Vault maps used:
D:1:      minmay_arrival_up_and_down
D:2:      lemuel_blue_sif_altar, minivault_14, hex_large, serial_bayou_crossing

Skill      XL: |  1  2  3  4 |
---------------+-------------+-----
Stealth        | 3 |  3.8
Unarmed Combat | 4 |  4.1
Fighting       | |  3.5
Dodging        | |  3.4

Action                   |  1- 3 |  4- 6 || total
-------------------------+-------+-------++-------
Melee: Unarmed           |    74 |    27 ||   101
       Constrict         |    17 |     9 ||    26
       Tentacles         |    13 |     5 ||    18
       Punch             |     2 |       ||     2
  Use: Scroll            |       |     6 ||     6
       Potion            |       |     5 ||     5
 Stab: Sleeping          |     6 |     1 ||     7
       Distracted        |     1 |       ||     1
  Eat: Chunk             |       |     1 ||     1
Armor: Skin              |     8 |     9 ||    17
Dodge: Dodged            |    56 |    13 ||    69

Table legend:
 A = Spawn XP
 B = Non-spawn XP
 C = Spawn XP percentage of total XP
 D = Spawn monster count
 E = Non-spawn monster count
 F = Spawn count percentage of total count
 G = Total turns spent on level
                    A         B        C        D         E        F      G
               +---------+---------+-------+---------+---------+-------+---------
         Total |       0 |     145 |   0.0 |       0 |      44 |   0.0 |  1335
               +---------+---------+-------+---------+---------+-------+---------
           D:1 |       0 |      59 |   0.0 |       0 |      28 |   0.0 |  1064
           D:2 |       0 |      86 |   0.0 |       0 |      16 |   0.0 |   271
               +---------+---------+-------+---------+---------+-------+---------
